 Dungeon Crawl Stone Soup version 0.23-a0-635-g88ca12a (webtiles) character file.

12073 Phlax the Martial Artist (level 11, 0/75 HPs)
             Began as an Octopode Transmuter on Dec 27, 2018.
             Was a Priest of Hepliaklqana.
             Slain by a five-headed hydra (12 damage)
             ... on level 1 of the Lair of Beasts.
             The game lasted 00:59:43 (18019 turns).

Phlax the Martial Artist (Octopode Transmuter)     Turns: 18019, Time: 00:59:44

Health: 0/75       AC:  6    Str:  9    XL:     11   Next: 87%
Magic:  26/30      EV: 11    Int: 15    God:    Hepliaklqana [***...]
Gold:   655        SH:  0    Dex: 17    Spells: 13/23 levels left

rFire    x . .     SeeInvis .     - Unarmed
rCold    + + +     Gourm    +   (shield currently unavailable)
rNeg     . . .     Faith    .   (helmet currently unavailable)
rPois    +         Spirit   .   u - amulet of the gourmand
rElec    .         Reflect  .   z - +5 ring of slaying
rCorr    .         Harm     .   F - ring of magical power
MR       .....                  O - +3 ring of slaying
Stlth    ++........             (no ring)
HPRegen  0.22/turn              (no ring)
MPRegen  0.22/turn              (no ring)
                                (no ring)
                                (no ring)

@: ice-form
A: large, almost no armour, stealthy swim, amphibious, 8 rings, (constrict 8),
reduced essence
a: End Transformation, Recall Ancestor, Ancestor Identity, Transference,
Renounce Religion


You were on level 1 of the Lair of Beasts.
You worshipped Hepliaklqana.
Hepliaklqana was most pleased with you.
You were very full.
You were a creature of crystalline ice.
You visited 2 branches of the dungeon, and saw 12 of its levels.
You also visited: Bailey.

You collected 655 gold pieces.

Inventory:

Hand Weapons
 h - a +0 arbalest
 y - a +5 mace
 B - a +4 trident of venom
Missiles
 a - 193 arrows
 g - 8 tomahawks (quivered)
 s - 30 poisoned needles
 t - 304 stones
 v - 3 throwing nets
 A - 4 tomahawks of returning
 D - 251 bolts
Jewellery
 u - an amulet of the gourmand (around neck)
 z - a +5 ring of slaying (left front paw)
 F - a ring of magical power (right front paw)
 O - a +3 ring of slaying (on tentacle)
Wands
 d - a wand of scattershot (5)
 j - a wand of random effects (14)
 J - a wand of polymorph (8)
 L - a wand of clouds (9)
Scrolls
 e - 2 scrolls of enchant armour
 f - 4 scrolls of fog
 l - 4 scrolls of remove curse
 p - a scroll of enchant weapon
 q - a scroll of magic mapping
 r - 2 scrolls of fear {unknown}
 x - a scroll of amnesia {unknown}
 E - 2 scrolls of random uselessness {unknown}
 G - a scroll of teleportation
 P - a scroll of identify
 Q - a scroll of blinking {unknown}
Potions
 b - 4 potions of ambrosia
 i - 6 potions of lignification
 k - a potion of experience {unknown}
 m - a potion of berserk rage
 n - a potion of invisibility
 o - 5 potions of curing
 w - a potion of might
 C - a potion of cancellation
 H - a potion of mutation
 I - 2 potions of heal wounds
 N - 2 potions of flight {unknown}
Miscellaneous
 K - a lamp of fire (inert)
Comestibles
 c - 20 rations
 M - 2 chunks of flesh


   Skills:
 + Level 4.5 Fighting
 - Level 0.4 Maces & Flails
 + Level 3.2 Dodging
 - Level 0.8 Stealth
 + Level 11.5 Unarmed Combat
 + Level 6.7 Spellcasting
 + Level 8.7 Transmutations
 - Level 6.0 Ice Magic
 - Level 7.0 Poison Magic
 - Level 0.2 Evocations


You had 13 spell levels left.
You knew the following spells:

 Your Spells              Type           Power        Failure   Level  Hunger
a - Beastly Appendage     Tmut           ####..       1%          1    None
b - Sticks to Snakes      Tmut           ####....     1%          2    None
c - Spider Form           Tmut/Pois      ####......   1%          3    ##.....
d - Ice Form              Ice/Tmut       ####....     7%          4    ####...

Your spell library contained the following spells:

 Spells                   Type           Power        Failure   Level  Hunger
 Ignite Poison            Fire/Tmut/Pois ###.....     4%          3    ##.....
 Blade Hands              Tmut           ####......   11%         5    #####..
 Alistair's Intoxication  Tmut/Pois      ####....     16%         5    #####..
 Sublimation of Blood     Necr           #.........   21%         2    None
 Petrify                  Tmut/Erth      ###.....     22%         4    ####...
 Irradiate                Conj/Tmut      ###.......   54%         5    #####..


Dungeon Overview and Level Annotations

Branches:
Dungeon (11/15)            Temple (0/1) D:5            Lair (1/6) D:10
    Orc: D:9-12

Altars:
Cheibriados
Dithmenos
Elyvilon
Gozag
Hepliaklqana
Kikubaaqudgha
Qazlal
Ru
Trog
Wu Jian
Xom
Yredelemnul
Zin

Shops:
D:4 [   D:8 :

Annotations:
D:4 exclusion: downstairs
D:5 exclusion: downstairs
D:7 2 transporters, feelmyfire's ghost, novice GrWr
D:9 exclusions: downstairs and hexer
D:10 2 transporters, exclusion: downstairs, RoseArtemis's ghost, journeyman TrMo


Innate Abilities, Weirdness & Mutations

You cannot wear most types of armour.
You are very stealthy in the water. (Stealth+)
You are amphibious.
You can wear up to eight rings at the same time.
((You can use your tentacles to constrict eight enemies at once.))
((Your skin changes colour to match your surroundings (Stealth+).))
((Your rubbery body absorbs attacks. (AC +1, EV +1)))
Your life essence is reduced to manifest your ancestor. (-10% HP)


Message History

A five-headed hydra comes into view.
Casting: Ice Form (safe; 7% risk of failure)
Confirm with . or Enter, or press ? or * to list all spells.
You turn into a creature of crystalline ice.
The five-headed hydra bites Nammahani!
The five-headed hydra bites Nammahani.
The five-headed hydra bites Nammahani! x2
Nammahani is destroyed!
The five-headed hydra bites you. The five-headed hydra bites you! x2
The five-headed hydra closely misses you.
The five-headed hydra bites you.
You pummel the five-headed hydra!! You freeze the five-headed hydra!
The five-headed hydra is heavily wounded.
The five-headed hydra bites you!
* * * LOW HITPOINT WARNING * * *
The five-headed hydra bites you.
* * * LOW HITPOINT WARNING * * *
The five-headed hydra bites you.
* * * LOW HITPOINT WARNING * * *
The five-headed hydra bites you!
You die...

##..≈≈≈≈≈.#.#
#..≈≈≈≈≈≈≈..#
##.≈≈≈≈≈≈≈≈..#
#.≈≈≈≈≈≈≈≈≈..#
#.≈≈≈≈≈≈≈≈≈..#
#.≈≈≈≈≈.≈≈≈#..
##≈≈≈..<.≈.#
#######D.......#....
#......Y............
######.##..P.P##....
#. ####### #... #.
... #. . #. .. ..


You could see a five-headed hydra.

Vanquished Creatures
  A hydra (D:9)
  An orc knight (Bailey)
  2 ugly things
  A cyclops (D:11)
  Joseph (D:7)
  A troll (D:10)
  A queen bee (D:8)
  A hippogriff (Lair:1)
  A wyvern (D:10)
  A wraith (D:9)
  Grum (D:8)
  A hungry ghost (D:11)
  A soldier ant (D:11)
  2 water moccasins
  2 ice beasts
  3 porcupines (D:10)
  13 orc warriors
  5 sky beasts
  4 wolves (D:8)
  2 phantoms
  5 centaurs
  6 ogres
  3 necrophages
  2 crocodiles (D:10)
  A big kobold (D:8)
  9 bullfrogs
  A wyvern zombie (D:10)
  2 scorpions
  26 killer bees
  A howler monkey (D:5)
  3 wights (D:7)
  An electric eel (Lair:1)
  5 crimson imps
  A hound (D:6)
  2 bullfrog skeletons (D:5)
  5 orc priests
  A centaur skeleton (D:11)
  4 jellies
  6 worker ants
  7 orc wizards
  A hound skeleton (D:6)
  A howler monkey skeleton (D:4)
  5 adders
  4 shadow imps
  An ooze (D:2)
  An adder zombie (D:5)
  An adder skeleton (D:10)
  3 worms (D:2)
  A dart slug (D:4)
  4 leopard geckos
  47 orcs
  3 giant cockroaches
  15 goblins
  5 hobgoblins
  7 jackals
  3 quokkas
  3 ball pythons
  7 bats
  8 frilled lizards
  11 kobolds
  7 rats
274 creatures vanquished.

Vanquished Creatures (collateral kills)
  A troll (D:9)
  3 orc warriors (Bailey)
  A black bear (D:10)
  A phantom (D:7)
  An ogre (D:6)
  A crocodile (D:10)
  2 killer bees
  A wight (D:7)
  A jelly (D:6)
  A worker ant (D:6)
  An adder (D:6)
  3 orcs
  A giant cockroach (D:6)
18 creatures vanquished.

Vanquished Creatures (others)
  18 hexers
  2 ancestors (D:7)
  22 fungi (D:10)
  8 plants (D:10)
50 creatures vanquished.

Grand Total: 342 creatures vanquished

Notes
Turn   | Place    | Note
-------+----------+-------------------------------------------
     0 | D:1      | Phlax the Octopode Transmuter began the quest for the Orb.
     0 | D:1      | Reached XP level 1. HP: 13/13 MP: 3/3
   130 | D:1      | Reached XP level 2. HP: 14/18 MP: 3/5
   257 | D:1      | Learned a level 2 spell: Sticks to Snakes
   782 | D:1      | Reached XP level 3. HP: 23/23 MP: 4/6
  1236 | D:2      | Learned a level 3 spell: Spider Form
  1646 | D:2      | Reached XP level 4. HP: 27/28 MP: 5/7
  1676 | D:2      | Reached skill level 1 in Poison Magic
  1932 | D:2      | Found a white marble altar of Elyvilon.
  1940 | D:2      | Became a worshipper of Elyvilon the Healer
  3404 | D:4      | Reached skill level 4 in Unarmed Combat
  3415 | D:4      | Reached * piety under Elyvilon
  3472 | D:4      | Reached XP level 5. HP: 33/33 MP: 7/9
  3482 | D:4      | Noticed a sky beast
  3493 | D:4      | Killed a sky beast
  3503 | D:4      | Reached XP level 6. HP: 38/38 MP: 7/10
  3739 | D:4      | Found Jiothrynue's Antique Armour Emporium.
  4218 | D:4      | Reached skill level 5 in Unarmed Combat
  4462 | D:4      | Found an ornate altar of the Wu Jian Council.
  4691 | D:5      | Entered Level 5 of the Dungeon
  4691 | D:5      | Reached ** piety under Elyvilon
  5092 | D:5      | Reached XP level 7. HP: 29/43 MP: 8/11
  5468 | D:5      | Learned a level 4 spell: Ice Form
  5731 | D:5      | Found an ancient bone altar of Kikubaaqudgha.
  5734 | D:5      | Found a shimmering altar of Xom.
  5737 | D:5      | Found a snail-covered altar of Cheibriados.
  5740 | D:5      | Found a hazy altar of Hepliaklqana.
  5803 | D:5      | Fell from the grace of Elyvilon
  5803 | D:5      | Became a worshipper of Hepliaklqana the Forgotten
  5845 | D:5      | Found a staircase to the Ecumenical Temple.
  5858 | D:5      | Reached skill level 6 in Unarmed Combat
  5858 | D:5      | Reached skill level 1 in Ice Magic
  6502 | D:6      | Reached XP level 8. HP: 45/45 MP: 8/12
  6635 | D:6      | Reached * piety under Hepliaklqana
  7477 | D:6      | Reached skill level 5 in Poison Magic
  7715 | D:6      | Reached skill level 7 in Unarmed Combat
  7765 | D:6      | Reached skill level 5 in Transmutations
  7843 | D:6      | Found a sacrificial altar of Ru.
  8017 | D:7      | Noticed Joseph
  8031 | D:7      | Killed Joseph
  8031 | D:7      | Reached XP level 9. HP: 11/49 MP: 10/13
  8607 | D:7      | Found a transporter.
  8613 | D:7      | Noticed feelmyfire's ghost (novice GrWr)
  8625 | D:7      | Found a transporter.
  8681 | D:7      | Reached skill level 8 in Unarmed Combat
  9409 | D:8      | Found Rayh's Book Shoppe.
  9489 | D:8      | Reached ** piety under Hepliaklqana
  9492 | D:8      | Remembered your ancestor Nammahani as a hexer
  9635 | D:8      | Noticed a queen bee
  9648 | D:8      | Reached XP level 10. HP: 56/56 MP: 11/15
  9653 | D:8      | Reached skill level 9 in Unarmed Combat
  9824 | D:8      | Noticed Grum
  9834 | D:8      | Reached skill level 5 in Ice Magic
  9844 | D:8      | Killed Grum
 10170 | D:8      | Found a bloodstained altar of Trog.
 10260 | D:8      | Found a glowing silver altar of Zin.
 10260 | D:8      | Found a shadowy altar of Dithmenos.
 10260 | D:8      | Found a basalt altar of Yredelemnul.
 10260 | D:8      | Found a stormy altar of Qazlal.
 10701 | D:9      | Found an opulent altar of Gozag.
 10983 | D:9      | Found a flagged portal.
 11005 | Bailey   | Entered a bailey
 11237 | Bailey   | Reached skill level 10 in Unarmed Combat
 12885 | Bailey   | Noticed an orc knight
 12960 | Bailey   | Killed an orc knight
 12960 | Bailey   | Reached skill level 5 in Spellcasting
 13470 | Bailey   | Reached XP level 11. HP: 29/62 MP: 18/18
 13805 | D:9      | Noticed a four-headed hydra
 13821 | D:9      | Killed a four-headed hydra
 14169 | D:9      | Reached *** piety under Hepliaklqana
 14629 | D:10     | Entered Level 10 of the Dungeon
 14644 | D:10     | Found a transporter.
 14647 | D:10     | Noticed a stone giant
 14668 | D:10     | Noticed RoseArtemis's ghost (journeyman TrMo)
 14672 | D:10     | Found a transporter.
 14675 | D:10     | Noticed a red ugly thing
 15344 | D:10     | Found a staircase to the Lair.
 15492 | D:10     | Killed a red ugly thing
 15762 | D:11     | Noticed a brown ugly thing
 15778 | D:11     | Killed a brown ugly thing
 15778 | D:11     | Reached skill level 11 in Unarmed Combat
 16427 | D:11     | Noticed a brown ugly thing
 16546 | D:11     | Noticed a two-headed ogre
 17097 | D:11     | Noticed a red ugly thing
 17274 | D:11     | Noticed a cyclops
 17285 | D:11     | Killed a cyclops
 17805 | Lair:1   | Entered Level 1 of the Lair of Beasts
 18003 | Lair:1   | Noticed a five-headed hydra
 18019 | Lair:1   | Slain by a five-headed hydra

Vault maps used:
D:1:      dpeg_arrival_tiny_c
D:2:      lemuel_coloured_pillars_altar, first_ration
D:4:      kennysheep_little_box, serial_shops, nicolae_shop_overgrown_old_shop
D:5:      grunt_temple_overflow_cloverleaf, minmay_temple_entry_proselytizer
D:6:      nicolae_ru_great_annihilating_truth
D:7:      gammafunk_ghost_stat_death, uniq_joseph
D:8:      kennysheep_mini, chequers_temple_overflow_statue_of_worship,
          serial_shops, nicolae_shop_stone, david_nohive_1, uniq_grum
D:9:      nicolae_gozag_cash_rules_everything_around_me, enter_bailey_6
D:10:     due_lair_maze_entry_diamond, gammafunk_ghost_arena
D:11:     regret_index_bee_streams, orc_0_dummy, minivault_23,
          kennysheep_decorative_pillar
Lair:1:   minmay_hedge_maze, nicolae_quartered_pool_super, lemuel_fruit_tree,
          infiniplex_staircase_pool
Bailey:   bailey_polearm_2, bailey

Skill      XL: |  1  2  3  4  5  6  7  8  9 10 11 |
---------------+----------------------------------+-----
Poison Magic   | 1 2 3 4 6 7 |  7.0
Unarmed Combat | 4 5 6 7 8 10 11 | 11.5
Spellcasting   | 3 5 6 |  6.7
Transmutations | 3 4 5 6 7 8 |  8.7
Fighting       | 2 3 4 |  4.5
Ice Magic      | 1 3 4 6 |  6.0
Dodging        | 3 |  3.2
Maces & Flails | |  0.4
Stealth        | |  0.8
Evocations     | |  0.2

Action                   |  1- 3 |  4- 6 |  7- 9 | 10-12 || total
-------------------------+-------+-------+-------+-------++-------
Melee: Unarmed           |    85 |   147 |   165 |   255 ||   652
       Constrict         |    24 |    28 |    11 |     6 ||    69
       Kick              |    16 |    24 |    10 |       ||    50
       Tentacles         |    11 |    16 |     4 |     5 ||    36
       Punch             |     1 |     1 |     2 |     5 ||     9
       Mace              |       |       |    46 |     4 ||    50
Throw: Tomahawk          |     4 |       |       |       ||     4
 Cast: Beastly Appendage |    26 |    24 |    11 |     3 ||    64
       Sticks to Snakes  |       |     2 |     2 |    16 ||    20
       Spider Form       |       |     6 |    16 |    15 ||    37
       Ice Form          |       |       |     6 |    31 ||    37
Invok: Recall Ancestor   |       |       |     1 |       ||     1
       Ancestor Life: He |       |       |     1 |       ||     1
Evoke: Wand              |       |       |     3 |     4 ||     7
       Lamp of fire      |       |       |       |     1 ||     1
  Use: Scroll            |       |       |     7 |    11 ||    18
       Potion            |       |       |     7 |       ||     7
 Stab: Sleeping          |     5 |     4 |     2 |     4 ||    15
       Paralysed         |       |       |     1 |       ||     1
       Distracted        |       |       |     1 |     1 ||     2
       Confused          |       |       |       |     2 ||     2
  Eat: Chunk             |     3 |     9 |    26 |    38 ||    76
       Ration            |       |     1 |       |       ||     1
Armor: Skin              |    10 |     7 |    20 |    44 ||    81
Dodge: Dodged            |    52 |    95 |   157 |   173 ||   477

Table legend:
 A = Non-vault XP
 B = Vault XP
 C = Vault XP percentage of total XP
 D = Non-vault monster count
 E = Vault monster count
 F = Vault count percentage of total count
                 A         B        C        D         E       F
            +---------+---------+-------+---------+---------+-------
      Total |   10275 |    6973 |  40.4 |     214 |      78 |  26.7
            +---------+---------+-------+---------+---------+-------
        D:1 |      36 |       0 |   0.0 |      22 |       0 |   0.0
        D:2 |      49 |       0 |   0.0 |      16 |       0 |   0.0
        D:3 |      47 |       0 |   0.0 |      24 |       0 |   0.0
        D:4 |     406 |       0 |   0.0 |      27 |       0 |   0.0
        D:5 |     566 |      43 |   7.1 |      20 |       1 |   4.8
        D:6 |    1131 |      44 |   3.7 |      28 |       4 |  12.5
        D:7 |     622 |     445 |  41.7 |       9 |       1 |  10.0
        D:8 |    1132 |    1754 |  60.8 |      24 |      19 |  44.2
        D:9 |    2319 |       0 |   0.0 |      15 |       0 |   0.0
       D:10 |    1823 |    1278 |  41.2 |      12 |      11 |  47.8
       D:11 |    1739 |    1228 |  41.4 |      14 |      16 |  53.3
     Lair:1 |     405 |       0 |   0.0 |       3 |       0 |   0.0
     Bailey |       0 |    2181 | 100.0 |       0 |      26 | 100.0
            +---------+---------+-------+---------+---------+-------
